 Dungeon Crawl Stone Soup version 0.24-a0-170-gd8427f5388 (webtiles) character file.

Game seed: 9906381422708363999

51 MirrMurr the Ducker (level 3, -3/28 HPs)
             Began as a Spriggan Berserker on Mar 8, 2019.
             Was a Believer of Trog.
             Slain by a worm (8 damage)
             ... on level 2 of the Dungeon.
             The game lasted 00:01:54 (574 turns).

MirrMurr the Ducker (Spriggan Berserker)             Turns: 574, Time: 00:01:54

Health: -3/28      AC:  2    Str: 19    XL:     3   Next: 58%
Magic:  4/4        EV: 19    Int:  8    God:    Trog [**....]
Gold:   37         SH:  5    Dex: 15    Spells: 2/2 levels left

rFire    . . .     SeeInvis +   a - +0 falchion
rCold    . . .     Gourm    .   f - +0 buckler
rNeg     . . .     Faith    .   g - +0 robe (curse)
rPois    .         Spirit   .   (helmet restricted)
rElec    .         Reflect  .   (no cloak)
rCorr    .         Harm     .   (gloves unavailable)
MR       .....                  (boots unavailable)
Stlth    ..........             (no amulet)
HPRegen  0.09/turn              (no ring)
MPRegen  0.09/turn              (no ring)

@: berserking, lethally poisoned (-3 -> -6), very quick
A: very small, unfitting armour, see invisible, herbivore, speed 3, slow
metabolism 2
a: Berserk, Trog's Hand, Renounce Religion


You were on level 2 of the Dungeon.
You worshipped Trog.
Trog was pleased with you.
You were not hungry.

You visited 1 branch of the dungeon, and saw 2 of its levels.

You collected 37 gold pieces.

Inventory:

Hand Weapons
 a - a +0 falchion (weapon)
 w - a +0 dagger
Missiles
 b - 11 stones (quivered)
 d - 19 sling bullets
 l - 6 needles of frenzy
Armour
 f - a +0 buckler (worn)
 g - a cursed +0 robe (worn)
Scrolls
 e - 2 scrolls of identify {unknown}
 h - a scroll of magic mapping {unknown}
 k - a scroll of noise {unknown}
Potions
 i - a potion of degeneration {unknown}
 j - a potion of resistance {unknown}
Comestibles
 c - 2 rations


   Skills:
 + Level 2.7 Fighting
 * Level 3.0 Long Blades
 + Level 4.9 Dodging
 + Level 2.1 Stealth
 + Level 0.4 Shields


You had 2 spell levels left.
You didn't know any spells.
Your spell library was empty.

Dungeon Overview and Level Annotations

Branches:
Dungeon (1/15)

Altars:


Innate Abilities, Weirdness & Mutations

You are very small and have problems with some larger weapons.
You are too small for most types of armour.
You have supernaturally acute eyesight. (SInv)
You are a herbivore.
You cover ground extremely quickly.
You need to consume almost no food.


Message History

* * * LOW HITPOINT WARNING * * *
You block the adder's attack.
You are too injured to fight recklessly!
Unknown command.
You fail to use your ability.
The adder closely misses you.
You riposte.
You hit the adder.
You kill the adder!
Trog accepts your kill.
Your Long Blades skill increases to level 3!
A red film seems to cover your vision as you go berserk!
You feel yourself moving faster!
You feel mighty!
You feel a lot more hungry.
You feel sick.
You feel a strong urge to attack something.
The worm misses you.
You slash the worm!
The worm is heavily wounded.
You hit the worm.
The worm is severely wounded.
You feel sick. The worm bites you!
You die...

... #..#....# .?
.####..#....# ...
............
#.$##.#..#..#.##
.......).........
#. ##.#..#.......
.#..#...........#.
........w.#.......
.#.##..#@##.......
...............#.
..................
..................
.##.......#†......
.........##......
.........# ..##..
.......... ... .
###..#.### .###


You could see a worm.

Vanquished Creatures
  An adder (D:2)
  2 dart slugs
  2 leopard geckos (D:1)
  5 bats
  3 giant cockroaches (D:1)
  3 goblins (D:1)
  4 hobgoblins (D:1)
  2 jackals (D:1)
  A ball python (D:1)
  A frilled lizard (D:1)
  6 kobolds
  2 rats (D:1)
32 creatures vanquished.

Notes
Turn   | Place    | Note
-------+----------+-------------------------------------------
     0 | D:1      | MirrMurr the Spriggan Berserker began the quest for the
                  | Orb.
     0 | D:1      | Reached XP level 1. HP: 11/11 MP: 2/2
    56 | D:1      | Reached skill level 1 in Stealth
   103 | D:1      | Reached XP level 2. HP: 16/16 MP: 3/3
   444 | D:1      | Reached XP level 3. HP: 19/19 MP: 4/4
   520 | D:1      | Reached ** piety under Trog
   541 | D:1      | You fall through a shaft!
   574 | D:2      | Slain by a worm

Levels and vault maps discovered:
D:1:      tarquinn_simple_flora_water_b, layout_basic
D:2:      layout_basic

Skill      XL: |  1  2  3 |
---------------+----------+-----
Stealth        | 1 2 |  2.1
Long Blades    | 3 |  3.0
Fighting       | |  2.7
Dodging        | |  4.9
Shields        | |  0.4

Action                   || total
-------------------------++-------
Melee: Falchion          ||    75
Invok: Berserk           ||     1
 Stab: Sleeping          ||     3
Armor: Animal skin       ||     1
       Robe              ||     4
Dodge: Dodged            ||    75
Block: Buckler           ||    18
       Rpst.: Falchion   ||    26

Table legend:
 A = Non-vault XP
 B = Vault XP
 C = Vault XP percentage of total XP
 D = Non-vault monster count
 E = Vault monster count
 F = Vault count percentage of total count
                 A         B        C        D         E       F
            +---------+---------+-------+---------+---------+-------
      Total |      74 |       0 |   0.0 |      32 |       0 |   0.0
            +---------+---------+-------+---------+---------+-------
        D:1 |      52 |       0 |   0.0 |      27 |       0 |   0.0
        D:2 |      22 |       0 |   0.0 |       5 |       0 |   0.0
            +---------+---------+-------+---------+---------+-------
